 Dungeon Crawl Stone Soup version 0.23.2-1-ga50397a (webtiles) character file.

Game seed: 17049788596531595965

17183 aelisj the Destroyer (level 11, -8/82 HPs)
             Began as a Demigod Conjurer on Apr 14, 2019.
             Shot with an arrow by a centaur warrior (24 damage)
             ... on level 13 of the Dungeon.
             The game lasted 02:07:18 (17833 turns).

aelisj the Destroyer (Demigod Conjurer)            Turns: 17833, Time: 02:07:18

Health: -8/82      AC: 13    Str: 11    XL:     11   Next: 88%
Magic:  39/39      EV: 12    Int: 37    God:
Gold:   566        SH:  0    Dex: 16    Spells: 6/32 levels left

rFire    + . .     SeeInvis .   P - +6 short sword of the Twenty Realms {speed, MR- Int+8}
rCold    . . .     Gourm    .   (no shield)
rNeg     . . .     Faith    .   n - +3 leather armour {rF+}
rPois    .         Spirit   .   s - +2 helmet
rElec    .         Reflect  .   L - +0 cloak
rCorr    .         Harm     .   J - +1 pair of gloves
MR       .....                  e - +0 pair of boots
Stlth    ++........             T - amulet of magic regeneration
HPRegen  0.23/turn              h - +4 ring of intelligence
MPRegen  0.51/turn              u - ring of magical power

@: no status effects
A: high mp 1
a: no special abilities


You were on level 13 of the Dungeon.
You were not hungry.

You visited 2 branches of the dungeon, and saw 14 of its levels.

You collected 566 gold pieces.

Inventory:

Hand Weapons
 g - a +3 long sword
 i - a +1 demon blade of venom
 E - a +0 trident
 H - a +2 scimitar of flaming
 P - the +6 short sword of the Twenty Realms (weapon) {speed, MR- Int+8}
   (You found it on level 8 of the Dungeon)

   Attacks with this weapon are significantly faster.
   It affects your intelligence (+8).
   It affects your resistance to hostile enchantments.
Missiles
 A - a throwing net (quivered)
Armour
 e - a +0 pair of boots (worn)
 n - a +3 leather armour of fire resistance (worn)
 s - a +2 helmet (worn)
 J - a +1 pair of gloves (worn)
 L - a +0 cloak (worn)
Magical Staves
 S - an uncursed staff of death
Jewellery
 h - a +4 ring of intelligence (left hand)
 m - an uncursed ring of fire
 u - a ring of magical power (right hand)
 y - an uncursed ring of protection from fire
 D - an uncursed ring of resist corrosion
 T - an amulet of magic regeneration (around neck)
 X - an uncursed amulet of the gourmand
Wands
 l - a wand of polymorph (30)
 q - a wand of flame (18)
 M - a wand of random effects (43)
 R - a wand of acid (10)
 V - a wand of iceblast (5)
Scrolls
 b - a scroll of amnesia
 f - 6 scrolls of fear
 j - 2 scrolls of fog
 p - 3 scrolls of enchant armour
 x - 2 scrolls of enchant weapon
 z - 2 scrolls of teleportation
 F - 2 scrolls of magic mapping
 K - 2 scrolls of identify
 Q - a scroll of remove curse
Potions
 d - 2 potions of might
 k - 2 potions of mutation
 o - a potion of agility
 r - 2 potions of flight
 t - a potion of resistance
 v - 3 potions of curing
 w - 3 potions of brilliance
 C - a potion of degeneration
 G - a potion of cancellation
 I - 2 potions of haste
 N - a potion of ambrosia
 O - a potion of lignification {unknown}
 Z - a potion of heal wounds
Comestibles
 c - 21 rations


   Skills:
 + Level 3.5 Fighting
 + Level 4.9 Short Blades
 - Level 1.7 Dodging
 - Level 1.7 Stealth
 * Level 11.3 Spellcasting
 * Level 12.5 Conjurations


You had 6 spell levels left.
You knew the following spells:

 Your Spells              Type           Power        Failure   Level  Hunger
a - Magic Dart            Conj           ####         0%          1    None
b - Searing Ray           Conj           ######       1%          2    None
c - Dazzling Spray        Conj/Hex       ######       1%          3    None
d - Iskenderun's Mystic   Conj           #######.     1%          4    None
e - Force Lance           Conj/Tloc      ######..     1%          4    None
f - Fulminant Prism       Conj/Hex       ######....   1%          4    None
g - Summon Ice Beast      Ice/Summ       ###.....     24%         4    None
h - Summon Lightning Spi  Summ/Air       ###.....     24%         4    None

Your spell library contained the following spells:

 Spells                   Type           Power        Failure   Level  Hunger
 Stone Arrow              Conj/Erth      ######       1%          3    None
 Infusion                 Chrm           ###.         2%          1    None
 Sandblast                Erth           ###...       2%          1    None
 Summon Small Mammal      Summ           ###.         2%          1    None
 Call Imp                 Summ           ###.....     3%          2    None
 Passwall                 Tmut/Erth      ###.....     3%          2    None
 Shroud of Golubria       Chrm/Tloc      ###.......   3%          2    None
 Song of Slaying          Chrm           ###.....     3%          2    None
 Call Canine Familiar     Summ           ###.....     8%          3    None
 Regeneration             Chrm/Necr      ###.......   8%          3    None
 Spectral Weapon          Hex/Chrm       ###.....     8%          3    None
 Summon Guardian Golem    Hex/Summ       ###.....     8%          3    None
 Petrify                  Tmut/Erth      ###.....     24%         4    None
 Lee's Rapid Deconstruct  Erth           ###.......   56%         5    None


Dungeon Overview and Level Annotations

Branches:
Dungeon (13/15)            Temple (1/1) D:4            Lair (0/6) D:9
    Orc (0/2) D:12
 Vaults: D:13-14


Innate Abilities, Weirdness & Mutations

You have an increased reservoir of magic. (+10% MP)


Message History

The centaur warrior wields a +0 shortbow.
The centaur warrior shoots an arrow.
The arrow closely misses you.
You see here an arrow.
The centaur warrior shoots an arrow.
The arrow hits you!
You see here an arrow.
The centaur warrior shoots an arrow.
The arrow hits you!
You see here an arrow.
The centaur warrior shoots an arrow.
The arrow hits you!
You see here an arrow.
The centaur warrior shoots an arrow.
The arrow hits you.
You see here an arrow.
The centaur warrior shoots an arrow.
The arrow hits you but does no damage.
You see here an arrow.
The centaur warrior shoots an arrow.
The arrow hits you!!
* * * LOW HITPOINT WARNING * * *
You see here an arrow.
The centaur warrior shoots an arrow.
The arrow hits you!
* * * LOW HITPOINT WARNING * * *
The centaur warrior shoots an arrow.
The arrow hits you!!
You die...

.........# (........# .#
#.......# ..# #.......#
..# #.(.....#########..#
#.................#
#.................#
#....@(.(...c.(...#
+####...##########(...#
........'........#(...#
........#........#(...#
........#........#(...#
........#.)<.....#....#
........#........#........
....#####........#.....H..
....#............#........


You could see a centaur warrior.

Vanquished Creatures
  A two-headed ogre (D:12)
  Erica (D:9)
  A deep elf mage (D:9)
  A cyclops (D:11)
  2 manticores
  Joseph (D:7)
  Maurice (D:11)
  A kobold demonologist (D:12)
  Grinder (D:3)
  6 hippogriffs
  A shadow (D:11)
  An air elemental (D:12)
  21 yaks
  3 water elementals (D:12)
  2 wraiths
  A basilisk (D:11)
  A fire elemental (D:12)
  4 hogs (D:11)
  A human (D:11)
  A vampire mosquito (D:13)
  Menkaure (D:6)
  4 sky beasts
  Purgy (D:3)
  2 ice beasts
  5 orc warriors
  7 ogres
  A phantom (D:7)
  An eye of draining (D:11)
  3 crocodiles
  7 centaurs
  10 bullfrogs
  A big kobold (D:9)
  An earth elemental (D:12)
  A water moccasin zombie (D:6)
  4 scorpions
  14 killer bees
  5 electric eels (D:12)
  7 howler monkeys
  3 crimson imps
  A quasit (D:9)
  A centaur zombie (D:11)
  9 hounds
  3 jellies
  A gnoll shaman (D:6)
  5 orc priests
  2 bullfrog skeletons
  5 iguanas
  2 centaur skeletons
  Jessica (D:3)
  Terence (D:2)
  11 orc wizards
  7 worker ants
  A killer bee zombie (D:9)
  2 hound skeletons (D:8)
  Robin (D:4)
  14 adders
  8 gnolls
  A worm (D:2)
  3 dart slugs
  5 leopard geckos
  50 orcs
  7 giant cockroaches
  16 goblins
  14 hobgoblins
  10 jackals
  4 quokkas
  A ball python (D:2)
  10 bats
  9 frilled lizards
  19 kobolds
  2 leopard gecko zombies
  5 rats
361 creatures vanquished.

Vanquished Creatures (others)
  A wizard (D:10)
1 creature vanquished.

Grand Total: 362 creatures vanquished

Notes
Turn   | Place    | Note
-------+----------+-------------------------------------------
     0 | D:1      | aelisj the Demigod Conjurer began the quest for the Orb.
     0 | D:1      | Reached XP level 1. HP: 14/14 MP: 5/5
   307 | D:1      | Reached XP level 2. HP: 20/20 MP: 2/7
   388 | D:1      | Learned a level 2 spell: Searing Ray
   566 | D:1      | Reached skill level 4 in Conjurations
  1145 | D:2      | Reached XP level 3. HP: 26/26 MP: 7/9
  1220 | D:2      | Learned a level 3 spell: Dazzling Spray
  1350 | D:2      | Noticed Terence
  1364 | D:2      | Killed Terence
  1412 | D:2      | Found an iron altar of Okawaru.
  1420 | D:2      | Found an opulent altar of Gozag.
  1428 | D:2      | Found a white marble altar of Elyvilon.
  1497 | D:2      | Reached XP level 4. HP: 28/33 MP: 7/11
  1547 | D:2      | You fall through a shaft for 2 floors!
  1617 | D:4      | Found a staircase to the Ecumenical Temple.
  1627 | Temple   | Entered the Ecumenical Temple
  1964 | D:4      | Noticed Robin
  2015 | D:4      | Killed Robin
  2015 | D:4      | Reached XP level 5. HP: 9/38 MP: 1/13
  2278 | D:4      | Reached skill level 5 in Conjurations
  2487 | D:4      | Noticed a centaur
  2736 | D:3      | Noticed Purgy
  3295 | D:3      | Noticed Jessica
  3311 | D:3      | Killed Jessica
  3508 | D:3      | Reached XP level 6. HP: 45/45 MP: 15/15
  3514 | D:3      | Learned a level 4 spell: Iskenderun's Mystic Blast
  3972 | D:3      | Noticed Grinder
  3981 | D:3      | Paralysed by Grinder for 3 turns
  3988 | D:3      | Paralysed by Grinder for 3 turns
  3996 | D:3      | Killed Grinder
  3996 | D:3      | Reached skill level 6 in Conjurations
  4429 | D:3      | Killed Purgy
  4429 | D:3      | Reached skill level 5 in Spellcasting
  4429 | D:3      | Reached XP level 7. HP: 45/50 MP: 17/18
  5214 | D:5      | Entered Level 5 of the Dungeon
  5582 | D:5      | Reached skill level 7 in Conjurations
  6131 | D:6      | Learned a level 4 spell: Force Lance
  6308 | D:6      | Reached XP level 8. HP: 42/57 MP: 20/20
  6344 | D:6      | Learned a level 4 spell: Fulminant Prism
  6608 | D:6      | Noticed Menkaure
  6614 | D:6      | Killed Menkaure
  6942 | D:6      | Reached skill level 8 in Conjurations
  7298 | D:7      | Found an ancient bone altar of Kikubaaqudgha.
  7739 | D:7      | Noticed Joseph
  8338 | D:7      | Noticed a hippogriff
  8350 | D:7      | Killed a hippogriff
  8350 | D:7      | Reached skill level 9 in Conjurations
  8350 | D:7      | Reached XP level 9. HP: 57/62 MP: 15/24
  8395 | D:7      | Killed Joseph
  9934 | D:8      | Got a faintly glowing short sword
  9939 | D:8      | Identified the +6 short sword of the Twenty Realms {speed,
                  | MR- Int+8} (You found it on level 8 of the Dungeon)
 10052 | D:8      | Reached skill level 10 in Conjurations
 10372 | D:8      | Found a shimmering altar of Xom.
 11017 | D:9      | Reached XP level 10. HP: 49/69 MP: 24/27
 11452 | D:9      | Noticed a deep elf mage
 11808 | D:9      | Killed a deep elf mage
 11834 | D:9      | Noticed Erica
 11845 | D:9      | Killed Erica
 11845 | D:9      | Reached skill level 1 in Short Blades
 12000 | D:9      | Reached skill level 11 in Conjurations
 12195 | D:9      | Reached skill level 10 in Spellcasting
 12429 | D:9      | Found a blossoming altar of Fedhas.
 12586 | D:9      | Found a staircase to the Lair.
 12688 | D:10     | Entered Level 10 of the Dungeon
 12763 | D:10     | Noticed a manticore
 12766 | D:10     | Killed a manticore
 13619 | D:10     | Found a bloodstained altar of Trog.
 13621 | D:10     | Noticed a wizard
 13626 | D:10     | Killed a wizard
 14028 | D:11     | Reached XP level 11. HP: 74/74 MP: 22/29
 14220 | D:10     | Reached skill level 1 in Fighting
 15062 | D:11     | Noticed Maurice
 15079 | D:11     | Killed Maurice
 15181 | D:11     | Reached skill level 12 in Conjurations
 16111 | D:11     | Learned a level 4 spell: Summon Ice Beast
 16116 | D:11     | Learned a level 4 spell: Summon Lightning Spire
 16202 | D:12     | Found a staircase to the Orcish Mines.
 16244 | D:12     | Noticed a two-headed ogre
 16250 | D:12     | Killed a two-headed ogre
 16877 | D:12     | Found a large runed translucent door.
 16878 | D:12     | Found a large runed translucent door.
 17543 | D:13     | Found a radiant altar of Vehumet.
 17818 | D:13     | Noticed a centaur warrior
 17833 | D:13     | Shot with an arrow by a centaur warrior

Skill      XL: |  1  2  3  4  5  6  7  8  9 10 11 |
---------------+----------------------------------+-----
Spellcasting   | 2 3 4 5 6 7 9 10 11 | 11.3
Conjurations   | 4 5 6 7 9 10 11 12 | 12.5
Short Blades   | 3 4 |  4.9
Fighting       | 3 |  3.5
Dodging        | |  1.7
Stealth        | |  1.7

Action                   |  1- 3 |  4- 6 |  7- 9 | 10-12 || total
-------------------------+-------+-------+-------+-------++-------
Melee: Unarmed           |     7 |       |       |       ||     7
       Spear             |     9 |    31 |     1 |       ||    41
       Trident           |       |       |     8 |       ||     8
       Short sword       |       |       |     2 |     1 ||     3
 Cast: Magic Dart        |    67 |   157 |   213 |   143 ||   580
       Searing Ray       |     2 |    11 |    71 |    65 ||   149
       Iskenderun's Myst |       |       |    28 |   129 ||   157
  Use: Scroll            |       |     8 |     8 |    13 ||    29
       Potion            |       |       |       |     3 ||     3
  Eat: Chunk             |     2 |     9 |    14 |    10 ||    35
       Ration            |       |       |     2 |     3 ||     5
Armor: Robe              |     5 |       |       |       ||     5
       Leather armour    |       |    34 |    93 |    78 ||   205
       Skin              |       |       |     1 |       ||     1
Dodge: Dodged            |    19 |    58 |   134 |   131 ||   342
